 Dungeon Crawl Stone Soup version 0.30-a0-782-ge64f9170bb (webtiles) character file.

Game seed: 11237494680982669601

3999 Goldberg the Basher (level 10, -2/86 HPs)
             Began as a Minotaur Fighter on Feb 22, 2023.
             Was an Elder of Uskayaw.
             Succumbed to Amaemon's poison
             ... on level 8 of the Dungeon.
             The game lasted 00:17:45 (6396 turns).

Goldberg the Basher (Minotaur Fighter)              Turns: 6396, Time: 00:17:45

Health: -2/86      AC: 27    Str: 25    XL:     10   Next: 3%
Magic:  9/9        EV:  7    Int:  5    God:    Uskayaw [****..]
Gold:   394        SH:  5    Dex: 10    Spells: 9/9 levels left

rFire   . . .      SeeInvis .    n - +1 mace (protect)
rCold   . . .      Faith    .    c - +0 buckler
rNeg    . . .      Spirit   .    z - +0 plate armour
rPois   .          Reflect  .    (helmet restricted)
rElec   .          Harm     .    h - +0 cloak
rCorr   .          Rampage  .    o - +0 pair of gloves
Will    .....                    e - +2 pair of boots {Fly} Stlth
                                 (no amulet)
HPRegen 0.34/turn                (no ring)
MPRegen 0.11/turn                (no ring)

@: mighty, lethally poisoned (-2 -> -20), under a protective aura, flying
A: horns 2, retaliatory headbutt
a: Renounce Religion, Stomp, Line Pass


You were on level 8 of the Dungeon.
You worshipped Uskayaw.
Uskayaw was noncommittal.
You visited 1 branch of the dungeon, and saw 8 of its levels.

You collected 498 gold pieces.
You spent 104 gold pieces at shops.

Inventory:

Hand Weapons
 a - a +0 flail
 n - a +1 mace of protection (weapon)
Armour
 b - a +0 scale mail
 c - a +0 buckler (worn)
 e - a +2 pair of boots of flying (worn)
 h - a +0 cloak (worn)
 o - a +0 pair of gloves (worn)
 z - a +0 plate armour (worn)
Wands
 j - a wand of charming (19)
 r - a wand of polymorph (10)
Scrolls
 f - a scroll of enchant armour {unknown}
 q - a scroll of fog
 s - 4 scrolls of amnesia
 t - 4 scrolls of immolation
 w - 2 scrolls of teleportation
 y - a scroll of poison {unknown}
 A - a scroll of fear
 B - a scroll of blinking
 D - 2 scrolls of brand weapon
Potions
 d - a potion of berserk rage {unknown}
 g - a potion of lignification {unknown}
 k - 3 potions of magic
 l - 4 potions of curing
 m - 4 potions of attraction
 p - 4 potions of flight {unknown}
 v - a potion of invisibility {unknown}
 x - a potion of degeneration {unknown}
 C - a potion of brilliance {unknown}
 E - a potion of haste {unknown}


   Skills:
 + Level 7.6 Fighting
 + Level 10.8 Maces & Flails
 + Level 9.1 Armour
 + Level 2.5 Dodging
 + Level 4.1 Stealth
 + Level 6.8 Shields


You had 9 spell levels left.
You didn't know any spells.
Your spell library contained the following spells:

 Spells                   Type           Power      Damage    Failure   Level
 Call Canine Familiar     Summ           0%         N/A       100%        3
 Dazzling Flash           Conj/Hex       0%         N/A       100%        3
 Portal Projectile        Hex/Tloc       0%         N/A       100%        3
 Tukima's Dance           Hex            0%         N/A       100%        3
 Leda's Liquefaction      Hex/Erth       0%         N/A       100%        4
 Passage of Golubria      Tloc           0%         N/A       100%        4
 Petrify                  Tmut/Erth      0%         N/A       100%        4
 Agony                    Necr           0%         N/A       100%        5
 Metabolic Englaciation   Hex/Ice        0%         N/A       100%        5
 Silence                  Hex/Air        0%         N/A       100%        5
 Yara's Violent Unravell  Hex/Tmut       0%         3d3       100%        5
 Statue Form              Tmut/Erth      0%         N/A       100%        6


Dungeon Overview and Level Annotations

Branches:
Dungeon (8/15)             Temple (0/1) D:7
   Lair: D:8-11

Altars:
Uskayaw

Shops:
D:3 *:

Annotations:
D:3 1 runed translucent door
D:7 1 transporter, postfeelist's ghost, novice MiBe


Innate Abilities, Weirdness & Mutations

You have a pair of horns on your head.
You reflexively headbutt those who attack you in melee.


Message History

You sock Amaemon!
Amaemon is severely wounded.
* * * LOW HITPOINT WARNING * * *
You feel extremely sick. You block Amaemon's attack.
Amaemon claws you but does no damage. Amaemon barely misses you.
You bludgeon Amaemon!!
Amaemon is almost dead.
* * * LOW HITPOINT WARNING * * *
You feel extremely sick. You block Amaemon's attack.
Amaemon claws you but does no damage. Amaemon tail-slaps you.
* * * LOW HITPOINT WARNING * * *
Uskayaw will force your foes to share their pain.
Uskayaw links your audience in an emotional bond!
You are too injured to fight recklessly!
You closely miss Amaemon. You headbutt Amaemon!
You kill Amaemon!
* * * LOW HITPOINT WARNING * * *
You feel very sick.
Your Armour skill increases to level 9!
Your Stealth skill increases to level 4!
You have reached level 10!
You are too injured to fight recklessly!
Throw: throwing net
Press: ? - help, Q - select action, (/) - cycle Shift-Dir - straight line, f - two-headed ogre
Aim: a two-headed ogre, wielding a +0 giant spiked club and a +0 giant club (lightly wounded, sharing its pain, 74% to hit)
You throw a throwing net.
The throwing net barely misses the two-headed ogre.
The throwing net hits the orange demon.
The orange demon is caught in the net!
The orange demon is lightly wounded.
* * * LOW HITPOINT WARNING * * *
You feel very sick.
The orange demon struggles against the net.
You block the two-headed ogre's attack.
The two-headed ogre hits you with a +0 giant club.
* * * LOW HITPOINT WARNING * * *
You sock the two-headed ogre! You headbutt the two-headed ogre!
The two-headed ogre is severely wounded.
You die...

#.# ##'## #.# #..# #.#######
#.# #.# #..# #.......# #.# #.#
##.#
####.#####.#####.######.####.#
#............................#
#.##.###.#.###.....####.####.#
#.##.# #.#.# ##...## #.......#
#.##.###.#.# ##.## ##.######
#.##......(# #@# ###
#.######.### #O# #........#
#.# ########## #4# ##.###
#....# #..#.# #..#.# #... .


You could see a two-headed ogre (pain bonded) and an orange demon (caught, pain
bonded).

Vanquished Creatures
  Amaemon (D:8)
  Sigmund (D:4)
  3 yaks (D:7)
  A wyvern (D:8)
  Duvessa (D:7)
  3 ice beasts
  An orc warrior (D:8)
  3 sky beasts
  A black bear (D:6)
  A centaur (D:6)
  2 phantoms
  4 bullfrogs
  A necrophage (D:5)
  2 scorpions (D:4)
  Dowan (D:7)
  3 killer bees (D:6)
  2 howler monkeys
  The ghost of TimeIsEndless the Ducker, a weakling FeFi (D:3)
  A gnoll bouda (D:7)
  6 orc priests
  3 jellies
  2 hounds
  4 iguanas
  9 orc wizards
  5 gnolls (D:7)
  14 adders
  A white imp (D:7)
  5 worms
  A dart slug (D:1)
  24 orcs
  3 endoplasms
  2 giant cockroaches
  5 hobgoblins
  3 jackals (D:3)
  7 quokkas
  5 ball pythons
  4 bats
  A frilled lizard (D:3)
  5 goblins
  8 kobolds
  6 rats
156 creatures vanquished.

Notes
Turn   | Place    | Note
-------+----------+-------------------------------------------
     0 | D:1      | Goldberg the Minotaur Fighter began the quest for the Orb.
     0 | D:1      | Reached XP level 1. HP: 19/19 MP: 0/0
   484 | D:2      | Reached XP level 2. HP: 27/27 MP: 1/1
   619 | D:2      | Reached XP level 3. HP: 33/33 MP: 2/2
   731 | D:2      | Reached skill level 3 in Maces & Flails
   934 | D:2      | Found a faded altar of an unknown god.
   937 | D:2      | Prayed at the altar of an unknown god.
   937 | D:2      | Became a worshipper of Uskayaw the Reveller
   937 | D:2      | Reached * piety under Uskayaw
   973 | D:2      | Reached XP level 4. HP: 40/40 MP: 3/3
  1123 | D:3      | Found Woasoe's General Store.
  1130 | D:3      | Reached ** piety under Uskayaw
  1132 | D:3      | Reached *** piety under Uskayaw
  1135 | D:3      | Reached **** piety under Uskayaw
  1354 | D:3      | Found Nacis's Vocational Training.
  1393 | D:3      | You fall into a shaft and drop 2 floors!
  1393 | D:5      | Entered Level 5 of the Dungeon
  1425 | D:5      | Reached XP level 5. HP: 47/47 MP: 4/4
  1426 | D:5      | Reached skill level 4 in Maces & Flails
  1563 | D:5      | Reached skill level 5 in Armour
  1785 | D:5      | Reached skill level 1 in Dodging
  1842 | D:5      | Reached XP level 6. HP: 47/55 MP: 5/5
  1942 | D:4      | Noticed Sigmund
  1947 | D:4      | Killed Sigmund
  1948 | D:4      | Reached skill level 5 in Fighting
  1948 | D:4      | Reached skill level 5 in Maces & Flails
  1948 | D:4      | Reached skill level 1 in Stealth
  2033 | D:4      | Reached skill level 5 in Shields
  2033 | D:4      | Reached XP level 7. HP: 60/61 MP: 6/6
  2405 | D:4      | Reached skill level 6 in Maces & Flails
  2504 | D:3      | Found a runed translucent door.
  2600 | D:3      | Found a runed translucent door.
  2601 | D:3      | Noticed TimeIsEndless's ghost (weakling FeFi)
  2612 | D:3      | Killed TimeIsEndless's ghost
  3606 | D:5      | Reached XP level 8. HP: 70/70 MP: 7/7
  3732 | D:5      | Reached skill level 7 in Maces & Flails
  4254 | D:6      | Reached skill level 8 in Maces & Flails
  4267 | D:6      | Reached ***** piety under Uskayaw
  4358 | D:6      | Reached skill level 9 in Maces & Flails
  4361 | D:6      | Reached XP level 9. HP: 67/78 MP: 8/8
  4685 | D:3      | Bought a scroll of brand weapon for 104 gold pieces
  5245 | D:7      | Found a staircase to the Ecumenical Temple.
  5247 | D:7      | Noticed Dowan
  5248 | D:7      | Noticed Duvessa
  5256 | D:7      | Killed Dowan
  5262 | D:7      | Killed Duvessa
  5319 | D:7      | Found a transporter.
  5321 | D:7      | Noticed postfeelist's ghost (novice MiBe)
  5323 | D:7      | Noticed a two-headed ogre
  5361 | D:7      | Reached skill level 10 in Maces & Flails
  6373 | D:8      | Noticed Amaemon
  6373 | D:8      | Noticed an orange demon
  6373 | D:8      | Noticed a two-headed ogre
  6394 | D:8      | Killed Amaemon
  6395 | D:8      | Reached XP level 10. HP: 9/86 MP: 9/9
  6395 | D:8      | HP: 4/86 [poisoned by Amaemon]
  6396 | D:8      | Succumbed to Amaemon's poison

Illustrated notes

Levels and vault maps discovered:
D:1:      mrwooster_arrival_statue_3, layout_rooms, minmay_misc_feat_enclosed
D:2:      layout_basic, hellmonk_ecumenical_altar_inner_sanctum,
          kennysheep_generic_room_6
D:3:      layout_rooms, ebering_ghost_sewer_f, serial_shops, shop,
          nicolae_shop_vocational
D:4:      minmay_door_path, layout_basic, uniq_sigmund
D:5:      layout_gridville
D:6:      layout_basic, nicolae_overflow_hidden_temple, minmay_joined_circles
D:7:      layout_loops_ring, minmay_temple_entry_crystal_x,
          gammafunk_ghost_smash, uniq_duvessa
D:8:      layout_loops_corners, nemelex_diamond_rough_becter, uniq_amaemon

Skill      XL: |  1  2  3  4  5  6  7  8  9 |
---------------+----------------------------+-----
Armour         | 4 5 6 7 9 |  9.1
Shields        | 4 5 6 |  6.8
Fighting       | 4 5 6 7 |  7.6
Maces & Flails | 3 4 5 6 9 10 | 10.8
Dodging        | 1 2 |  2.5
Stealth        | 1 2 4 |  4.1

Action                     |  1- 3 |  4- 6 |  7- 9 | 10-12 || total
---------------------------+-------+-------+-------+-------++-------
  Melee: Flail             |    65 |    19 |       |       ||    84
         Headbutt          |     8 |    15 |    46 |     1 ||    70
         Mace              |       |    68 |   321 |     1 ||   390
  Throw: Throwing net      |       |       |       |     1 ||     1
    Use: Potion            |     2 |       |     1 |       ||     3
         Scroll            |       |       |    11 |       ||    11
   Stab: Paralysed         |       |     2 |    15 |       ||    17
 Armour: Scale mail        |    55 |    44 |    42 |       ||   141
         Plate armour      |       |       |   183 |       ||   183
  Dodge: Dodged            |    44 |    44 |   101 |       ||   189
  Block: Buckler           |    13 |    25 |    68 |     1 ||   107

Table legend: (Time is in decaauts)
 A = Elapsed time spent in this place.
 B = Non-inter-level travel time spent in this place.
 C = Inter-level travel time spent in this place.
 D = Time resting spent in this place.
 E = Time spent auto-exploring this place.
 F = Levels seen in this place.
 G = Mean time per level.
                   A        B        C        D        E       F      G
               +--------+--------+--------+--------+--------+-----+--------+
         Total |   6455 |   5930 |    525 |    243 |   3948 |   8 |  806.9 |
       Dungeon |   6455 |   5930 |    525 |    243 |   3948 |   8 |  806.9 |
               +--------+--------+--------+--------+--------+-----+--------+

Top non-repeatable levels by time:
     D:5: 1196 daAuts
     D:7: 1032 daAuts
     D:3: 970 daAuts
     D:4: 864 daAuts
     D:6: 754 daAuts
     D:2: 718 daAuts
     D:1: 478 daAuts
     D:8: 439 daAuts
